 Dungeon Crawl Stone Soup version 0.21.1-1-g345015f (webtiles) character file.

827 xccam the Basher (level 7, -9/41 HPs)
             Began as a Gargoyle Fighter on Mar 25, 2018.
             Was an Initiate of Ru.
             Mangled by an ogre
             ... wielding a +0 giant spiked club
              (19 damage)
             ... on level 5 of the Dungeon.
             The game lasted 00:10:51 (3241 turns).

xccam the Basher (Gargoyle Fighter)                 Turns: 3241, Time: 00:10:52

Health: -9/41      AC: 15    Str: 21    XL:     7   Next: 97%
Magic:  7/7        EV:  7    Int:  9    God:    Ru [......]
Gold:   226        SH:  9    Dex:  9    Spells: 6/6 levels left

rFire    . . .     SeeInvis .   a - +0 flail
rCold    . . .     Gourm    .   c - +0 shield
rNeg     + . .     Faith    .   b - +0 scale mail
rPois    ∞         Spirit   .   t - +2 helmet
rElec    +         Reflect  .   (no cloak)
rCorr    .         Harm     .   (no gloves)
MR       .....                  q - +0 pair of boots
Stlth    ..........             (no amulet)
HPRegen  0.13/turn              (no ring)
MPRegen  0.10/turn              (no ring)

@: no status effects
A: negative energy resistance 1, electricity resistance, unbreathing,
petrification resistance, rot immunity, AC +4
a: Renounce Religion


You were on level 5 of the Dungeon.
You worshipped Ru.
Ru was noncommittal.
You were hungry.

You visited 1 branch of the dungeon, and saw 5 of its levels.

You collected 226 gold pieces.

Inventory:

Hand Weapons
 a - a +0 flail (weapon)
Armour
 b - a +0 scale mail (worn)
 c - a +0 shield (worn)
 q - a +0 pair of boots (worn)
 r - a +0 plate armour
 t - a +2 helmet (worn)
Wands
 w - a wand of random effects (54)
Scrolls
 e - 7 scrolls of identify {unknown}
 g - 5 scrolls of magic mapping {unknown}
 i - a scroll of random uselessness {unknown}
 j - a scroll of amnesia {unknown}
 k - 3 scrolls of fog {unknown}
 l - 2 scrolls of teleportation {unknown}
 m - 3 scrolls of remove curse {unknown}
 p - a scroll of fear {unknown}
 s - a scroll of enchant weapon {unknown}
 v - a scroll of blinking {unknown}
Potions
 d - 3 potions of might
 h - 2 potions of flight {unknown}
 n - a potion of curing {unknown}
 o - a potion of lignification {unknown}
 x - a potion of mutation {unknown}
Comestibles
 f - 10 rations
 u - 2 chunks of flesh


   Skills:
 - Level 3.2 Fighting
 + Level 8.9 Maces & Flails
 - Level 3.2 Armour
 - Level 3.2 Shields


You had 6 spell levels left.
You didn't know any spells.

Dungeon Overview and Level Annotations

Branches:
Dungeon (5/15)
 Temple: D:4-7

Altars:
Dithmenos
Ru


Innate Abilities, Weirdness & Mutations

You are resistant to torment.
Your stone body is resilient. (AC +4)
You are immune to poison.
You resist negative energy. (rN+)
You are resistant to electric shocks. (rElec)
You can survive without breathing.
You are immune to petrification.
You are immune to rotting.


Message History

The ogre hits you with a giant spiked club!
You hit the ogre.
You kill the ogre!
The ogre barely misses you.
You hit the ogre.
The ogre is moderately wounded.
The ogre hits you with a giant spiked club.
You barely miss the ogre.
The ogre is moderately wounded.
You are feeling hungry.
You hit the ogre but do no damage.
The ogre is moderately wounded.
The ogre hits you with a giant spiked club!
* * * LOW HITPOINT WARNING * * *
You are too injured to fight recklessly!
You are too injured to fight recklessly!
You hit the ogre.
The ogre is heavily wounded.
The ogre hits you with a giant spiked club!!
You die...

#........#
#........#
#......<.+
#........#
#........#####
##........#...#
..........#...#
..........'...#
.......@O.#####
......)........
...............
...............'
...............#
..!............#
...............#
.###+#######+##


You could see an ogre.

Vanquished Creatures
  4 ogres
  A scorpion (D:4)
  The ghost of xccam the Cudgeler, a weakling DsGl (D:3)
  Terence (D:3)
  Natasha (thrice) (D:4)
  An iguana (D:4)
  A worker ant (D:4)
  11 adders
  7 gnolls (D:3)
  A shadow imp (D:5)
  An adder skeleton (D:4)
  A worm (D:2)
  2 dart slugs
  3 leopard geckos
  6 orcs
  7 bats
  4 giant cockroaches
  6 hobgoblins
  2 quokkas
  2 ball pythons
  8 frilled lizards
  4 goblins
  11 kobolds
  A leopard gecko skeleton (D:4)
  4 rats
93 creatures vanquished.

Notes
Turn   | Place    | Note
-------+----------+-------------------------------------------
     0 | D:1      | xccam the Gargoyle Fighter began the quest for the Orb.
     0 | D:1      | Reached XP level 1. HP: 14/14 MP: 1/1
   131 | D:1      | Reached XP level 2. HP: 18/19 MP: 2/2
   373 | D:1      | Reached skill level 3 in Maces & Flails
   652 | D:1      | Reached XP level 3. HP: 23/23 MP: 3/3
  1081 | D:2      | Reached skill level 4 in Maces & Flails
  1101 | D:2      | Reached XP level 4. HP: 19/28 MP: 4/4
  1404 | D:3      | Reached skill level 5 in Maces & Flails
  1404 | D:3      | Reached XP level 5. HP: 4/32 MP: 5/5
  1947 | D:3      | Noticed xccam's ghost (weakling DsGl)
  1958 | D:3      | Killed xccam's ghost
  1977 | D:3      | Found a shadowy altar of Dithmenos.
  2013 | D:3      | Reached skill level 6 in Maces & Flails
  2066 | D:3      | Reached XP level 6. HP: 37/37 MP: 6/6
  2386 | D:3      | Noticed Terence
  2392 | D:3      | Killed Terence
  2432 | D:4      | Reached skill level 7 in Maces & Flails
  2565 | D:4      | Reached XP level 7. HP: 21/41 MP: 7/7
  2803 | D:4      | Found a sacrificial altar of Ru.
  2823 | D:4      | Became a worshipper of Ru the Awakened
  2891 | D:4      | Noticed Natasha
  2897 | D:4      | Killed Natasha
  2906 | D:4      | Noticed Natasha
  2914 | D:4      | Killed Natasha
  2920 | D:4      | Noticed Natasha
  2933 | D:4      | Killed Natasha
  2948 | D:4      | Reached skill level 8 in Maces & Flails
  3221 | D:5      | Entered Level 5 of the Dungeon
  3241 | D:5      | Mangled by an ogre

Skill      XL: |  1  2  3  4  5  6  7 |
---------------+----------------------+-----
Maces & Flails | 3 4 5 6 7 8 |  8.9
Fighting       | |  3.2
Armour         | |  3.2
Shields        | |  3.2

Action                   |  1- 3 |  4- 6 |  7- 9 || total
-------------------------+-------+-------+-------++-------
Melee: Flail             |   178 |   199 |    83 ||   460
  Use: Potion            |       |     1 |       ||     1
  Eat: Chunk             |     1 |     5 |     2 ||     8
Armor: Scale mail        |    94 |   129 |    30 ||   253
Dodge: Dodged            |    49 |    67 |    18 ||   134
Block: Shield            |    81 |    98 |    29 ||   208
